Map: Acid Plant LE

Players

Elazer - Winner!

  • Race: Zerg Zerg
  • Spawn Location: 11:00

Classic

  • Race: Protoss Protoss
  • Spawn Location: 5:00

Event: IEM Season 12 - Katowice

VOD

Have the link to the VOD?

Description

Time

  • Played on: March 2, 2018, 12:30 p.m.
  • Length: 7:12

All games in this series

Show
View Real Time Build Order
Export as new Build Order

Elazer Zerg - Winner!

Build Orders: Hatch First 

Get SALT Encoding   

  12  0:00  Drone  
  13  0:12  Overlord  
  13  0:17  Drone  
  14  0:30  Drone x2  
  16  0:48  Hatchery  
  15  0:51  Drone  
  15  0:54  Drone  
  17  0:58  Drone  
  18  1:09  Extractor  
  17  1:14  Spawning Pool  
  17  1:17  Drone  
  17  1:20  Drone  
  18  1:28  Drone  
  19  1:38  Drone  
  20  1:48  Overlord  
  20  2:03  Queen x2  
  20  2:04  Zergling x4  
  26  2:10  Metabolic Boost  
  26  2:12  Drone  
  26  2:14  Drone  
  28  2:21  Drone x2  
  30  2:32  Drone x2  
  32  2:44  Hatchery  
  32  2:48  Queen  
  33  2:52  Overlord  
  33  2:56  Drone  
  33  2:57  Drone  
  35  3:00  Drone  
  36  3:11  Drone x2  
  36  3:12  Drone  
  39  3:13  Drone  
  39  3:16  Overlord  
  39  3:18  Drone x2  
  42  3:24  Queen  
  44  3:32  Spore Crawler  
  44  3:33  Drone  
  44  3:36  Drone x2  
  44  3:39  Drone  
  47  3:42  Drone x2  
  47  3:47  Spore Crawler  
  48  3:50  Lair  
  48  3:52  Overlord  
  48  3:53  Drone  
  48  3:54  Drone  
  50  3:57  Overlord  
  50  3:59  Drone x2  
  52  4:04  Queen  
  52  4:06  Drone  
  52  4:07  Drone  
  56  4:10  Drone x2  
  56  4:13  Extractor x2  
  56  4:17  Overlord  
  56  4:18  Drone x2  
  56  4:19  Drone  
  59  4:26  Roach Warren  
  59  4:28  Overlord  
  57  4:36  Zergling x12  
  63  4:39  Extractor  
  63  4:44  Zergling x6  
  66  4:49  Overlord  
  66  4:51  Zergling x4  
  66  4:52  Zergling x2  
  69  4:56  Nydus Network  
  68  5:06  Roach  
  68  5:07  Roach x3  
  76  5:08  Roach  
  76  5:12  Roach  
  80  5:20  Roach x3  
  82  5:35  Nydus Canal  
  81  5:36  Roach x4  
  81  5:39  Roach  
  81  5:42  Roach  
  89  5:47  Queen  
  89  5:49  Overlord  
  89  5:59  Queen  
  87  6:08  Roach x4  
  87  6:10  Roach x2  
  97  6:13  Roach  
  97  6:15  Nydus Canal  
  97  6:17  Roach  
  97  6:23  Roach  
  97  6:25  Queen  
  97  6:26  Overlord  
  97  6:27  Queen  
  97  6:29  Roach  
  95  6:39  Roach x2  
  93  6:42  Roach x2  
  93  6:44  Roach  
  94  6:47  Roach x2  
  94  6:52  Drone  
  94  6:53  Drone  
Show
View Real Time Build Order
Export as new Build Order

Classic Protoss 

Build Orders: 1 Gate Expand, Oracle Opening, Phoenix Opening, Zealot Archon, Archon Drop 

Get SALT Encoding   

  12  0:00  Probe  
  13  0:12  Probe  
  14  0:18  Pylon  
  14  0:24  Probe  
  15  0:36  Gateway  
  15  0:38  Probe (Chrono Boost)  
  16  0:47  Probe (Chrono Boost), Assimilator  
  17  0:52  Probe (Chrono Boost)  
  18  1:04  Probe  
  19  1:16  Probe  
  20  1:25  Nexus  
  20  1:28  Probe  
  21  1:38  Cybernetics Core  
  21  1:43  Assimilator  
  21  1:47  Probe  
  22  1:53  Pylon  
  22  1:59  Probe  
  23  2:11  Probe  
  23  2:12  Adept (Chrono Boost)  
  26  2:18  Stargate  
  26  2:23  Warp Gate, Probe  
  27  2:31  Adept  
  27  2:36  Probe x2 (Chrono Boost)  
  31  2:46  Probe x2 (Chrono Boost)  
  33  2:51  Probe x2 (Chrono Boost)  
  35  2:59  Oracle (Chrono Boost)  
  35  3:03  Probe x2  
  40  3:11  Pylon  
  40  3:15  Probe x2  
  40  3:17  Assimilator  
  40  3:19  Assimilator  
  43  3:27  Probe x2  
  43  3:29  Phoenix  
  46  3:36  Gateway  
  46  3:39  Probe (Chrono Boost)  
  48  3:44  Probe (Chrono Boost)  
  48  3:47  Robotics Facility  
  49  3:49  Probe (Chrono Boost)  
  49  3:53  Probe (Chrono Boost)  
  49  3:54  Twilight Council  
  49  3:55  Probe (Chrono Boost)  
  50  4:01  Pylon  
  51  4:06  Probe  
  51  4:07  Probe  
  53  4:13  Gateway  
  53  4:16  Gateway  
  53  4:19  Probe  
  54  4:32  Zealot x2  
  54  4:33  Warp Prism (Chrono Boost)  
  54  4:35  Templar Archives  
  60  4:41  Charge  
  60  4:44  Pylon  
  60  5:02  Nexus  
  60  5:04  Pylon  
  60  5:06  Observer  
  61  5:08  Probe x2  
  61  5:12  Forge  
  61  5:22  Zealot x4  
  61  5:26  Immortal (Chrono Boost)  
  69  5:38  Shield Battery  
  69  5:41  Shield Battery  
  69  5:42  Shield Battery, High Templar x3  
  71  5:43  High Templar  
  71  5:46  Pylon, Archon x2  
  71  5:47  Pylon  
  45  6:15  Zealot x4  
  49  6:19  Gateway  
  49  6:22  Gateway  
  43  6:35  Zealot x3  
  43  6:36  Zealot  
  26  6:56  High Templar x4  
  26  7:01  Archon  
  30  7:02  Archon  

Tags
 
Add a new tag
Caveats
  • Supply blocks, unpowered buildings, or Contaminate may cause inaccurate times.
  • Supply counts are checked every 10 seconds.